 Dungeon Crawl Stone Soup version 0.30-a0-694-g3340775977 (webtiles) character file.

Game seed: 6115443494583140860

36 Alitron123 the Sneak (level 3, -1/19 HPs)
             Began as a Vampire Enchanter on Jan 20, 2023.
             Slain by a worm (5 damage)
             ... on level 2 of the Dungeon.
             The game lasted 00:02:05 (666 turns).

Alitron123 the Sneak (Vampire Enchanter)             Turns: 666, Time: 00:02:06

Health: -1/19      AC:  2    Str:  7    XL:     3   Next: 19%
Magic:  6/6        EV: 12    Int: 17    God:
Gold:   55         SH:  0    Dex: 16    Spells: 6/6 levels left

rFire   . . .      SeeInvis +    a - +1 dagger
rCold   + + .      Faith    .    (no shield)
rNeg    + + +      Spirit   .    b - +0 robe
rPois   ∞          Reflect  .    (no helmet)
rElec   .          Harm     .    (no cloak)
rCorr   .          Rampage  .    (no gloves)
Will    .....                    (no boots)
Stlth   +++++                    (no amulet)
HPRegen 0.00/turn                i - ring of wizardry
MPRegen 0.10/turn                (no ring)

@: bloodless, inhibited regen
A: bloodless, fangs 3, see invisible, vampiric 2
a: Bat Form, Revivify


You were on level 2 of the Dungeon.
You visited 1 branch of the dungeon, and saw 2 of its levels.

You collected 55 gold pieces.

Inventory:

Hand Weapons
 a - a +1 dagger (weapon)
Armour
 b - a +0 robe (worn)
Jewellery
 i - a ring of wizardry (left hand)
Scrolls
 e - 2 scrolls of vulnerability {unknown}
 j - 2 scrolls of identify {unknown}
 l - 2 scrolls of fog {unknown}
 m - a scroll of magic mapping {unknown}
 o - a scroll of silence {unknown}
Potions
 c - 2 potions of invisibility
 d - a potion of might {unknown}
 f - 2 potions of lignification {unknown}
 g - a potion of resistance {unknown}
 h - 2 potions of brilliance {unknown}
 k - a potion of mutation {unknown}
 n - a potion of cancellation {unknown}


   Skills:
 + Level 0.1 Fighting
 + Level 1.4 Short Blades
 + Level 2.3 Dodging
 + Level 5.4 Stealth
 + Level 2.3 Spellcasting
 + Level 4.9 Hexes


You had 6 spell levels left.
You didn't know any spells.
Your spell library contained the following spells:

 Spells                   Type           Power      Damage    Failure   Level
 Confusing Touch          Hex            18%        N/A       3%          3
 Tukima's Dance           Hex            18%        N/A       3%          3
 Ensorcelled Hibernation  Hex/Ice        20%        N/A       4%          2
 Dazzling Flash           Conj/Hex       20%        N/A       9%          3


Dungeon Overview and Level Annotations

Branches:
Dungeon (2/15)

Altars:


Innate Abilities, Weirdness & Mutations

You do not regenerate when monsters are visible.
You are frail without blood (-20% HP).
You can heal yourself when you bite living creatures.
You are immune to poison.
You have razor-sharp teeth.
You have supernaturally acute eyesight. (SInv)
You are afflicted with vampirism and can become a bat while bloodless.


Message History

You hit the worm.
The worm is heavily wounded.
You barely miss the worm.
The worm is heavily wounded.
The worm bites you.
You barely miss the worm.
The worm is heavily wounded.
You hit the worm.
The worm is severely wounded.
The worm completely misses you.
You hit the worm.
The worm is almost dead.
You hit the worm but do no damage.
The worm is almost dead.
The worm bites you!
* * * LOW HITPOINT WARNING * * *
You hit the worm but do no damage.
The worm is almost dead.
The worm closely misses you.
You hit the worm. You bite the worm, but do no damage.
The worm is almost dead.
You barely miss the worm.
The worm is almost dead.
The worm bites you.
* * * LOW HITPOINT WARNING * * *
You begin bloodletting.
You continue bloodletting.
The worm bites you but does no damage.
Keep bloodletting? [Y]es or [N]o only, please.
Keep bloodletting?
You continue bloodletting. x2
The worm barely misses you.
You continue bloodletting.
The worm bites you but does no damage.
You continue bloodletting.
You become bloodless.
You completely miss the worm.
The worm is severely wounded.
The worm bites you.
You die...

# ### # ... # #.#
#..# ###..# ....#
##### ###### #
......######### #
#...>.....@wl.# ##
####^..#####.....
.###### ###..####
### ......# ##....#
#####.###########.##
#........## #..#
########..#
##.#####..
##.####........
#..>......##..


You could see a worm and a frilled lizard.

Vanquished Creatures
  An adder (D:2)
  A dart slug (D:2)
  2 ball pythons (D:1)
  A bat (D:1)
  2 endoplasms (D:2)
  4 goblins
  3 hobgoblins
  4 frilled lizards
  3 kobolds
  3 rats
24 creatures vanquished.

Notes
Turn   | Place    | Note
-------+----------+-------------------------------------------
     0 | D:1      | Alitron123 the Vampire Enchanter began the quest for the
                  | Orb.
     0 | D:1      | Reached XP level 1. HP: 13/13 MP: 3/3
   212 | D:1      | Reached XP level 2. HP: 19/19 MP: 5/5
   480 | D:2      | Reached skill level 5 in Stealth
   492 | D:2      | Gained mutation: You are afflicted with vampirism and can
                  | become a bat while bloodless. [Vampire growth]
   492 | D:2      | Reached XP level 3. HP: 24/24 MP: 6/6
   666 | D:2      | Slain by a worm

Illustrated notes

Levels and vault maps discovered:
D:1:      dpeg_arrival_tiny_j, layout_rooms
D:2:      layout_rooms, corexii_item_surrounded_by_moat

Skill      XL: |  1  2 |
---------------+-------+-----
Stealth        | 5 |  5.4
Fighting       | |  0.1
Short Blades   | |  1.4
Dodging        | |  2.3
Spellcasting   | |  2.3
Hexes          | |  4.9

Action                   || total
-------------------------++-------
Melee: Dagger            ||    78
       Bite              ||     5
 Abil: Exsanguinate      ||     1
 Stab: Sleeping          ||     9
Armor: Robe              ||     7
Dodge: Dodged            ||    39

Table legend: (Time is in decaauts)
 A = Elapsed time spent in this place.
 B = Non-inter-level travel time spent in this place.
 C = Inter-level travel time spent in this place.
 D = Time resting spent in this place.
 E = Time spent auto-exploring this place.
 F = Levels seen in this place.
 G = Mean time per level.
                   A        B        C        D        E       F      G
               +--------+--------+--------+--------+--------+-----+--------+
         Total |    660 |    653 |      7 |      0 |    437 |   2 |  330.0 |
       Dungeon |    660 |    653 |      7 |      0 |    437 |   2 |  330.0 |
               +--------+--------+--------+--------+--------+-----+--------+

Top non-repeatable levels by time:
     D:1: 461 daAuts
     D:2: 198 daAuts
